Map: Thunderbird LE

Players

SortOf - Winner!

  • Race: Zerg Zerg
  • Spawn Location: 11:00

SKillous

  • Race: Protoss Protoss
  • Spawn Location: 5:00

VOD

Have the link to the VOD?

Description

Time

  • Played on: Sept. 7, 2019, 12:17 a.m.
  • Length: 11:05
Show
View Real Time Build Order
Export as new Build Order

SortOf Zerg - Winner!

Build Orders: Hatch First, Muta Ling Bane 

Get SALT Encoding   

  12  0:00  Drone  
  13  0:12  Overlord  
  13  0:16  Drone  
  14  0:31  Drone x2  
  16  0:46  Drone x2  
  18  0:56  Hatchery  
  17  0:58  Drone  
  17  1:01  Extractor  
  17  1:14  Spawning Pool  
  17  1:18  Drone  
  17  1:21  Drone  
  18  1:28  Drone  
  19  1:40  Drone  
  20  1:49  Overlord  
  20  2:02  Queen  
  20  2:05  Metabolic Boost  
  20  2:07  Queen  
  20  2:08  Zergling x4  
  26  2:13  Drone  
  27  2:21  Drone  
  28  2:33  Hatchery  
  27  2:38  Zergling x2  
  27  2:39  Zergling x2  
  27  2:42  Drone  
  27  2:44  Zergling x2  
  31  2:48  Overlord  
  31  2:53  Queen  
  31  2:58  Drone  
  34  3:02  Drone  
  34  3:13  Drone x2  
  34  3:16  Drone x2  
  38  3:22  Drone x3  
  38  3:24  Queen  
  43  3:28  Overlord  
  43  3:31  Drone  
  44  3:37  Overlord  
  44  3:46  Drone x2  
  45  3:49  Drone x2  
  45  3:57  Lair  
  45  3:58  Drone x4  
  45  4:00  Drone  
  50  4:04  Drone x2  
  52  4:12  Drone x2  
  52  4:15  Drone  
  52  4:16  Roach Warren  
  54  4:18  Drone  
  54  4:19  Drone  
  54  4:24  Overlord  
  56  4:27  Spore Crawler  
  56  4:28  Drone, Extractor  
  56  4:29  Extractor  
  55  4:31  Drone x2  
  55  4:38  Drone x5  
  57  4:41  Queen  
  57  4:42  Overlord  
  62  4:46  Zergling x6  
  62  4:48  Overlord  
  62  4:52  Overlord  
  65  4:55  Overseer  
  65  4:57  Roach x2  
  65  4:58  Roach  
  65  4:59  Overseer  
  71  5:02  Drone  
  71  5:03  Drone  
  73  5:07  Drone  
  73  5:08  Glial Reconstitution, Drone  
  73  5:10  Roach  
  73  5:11  Roach  
  79  5:16  Drone x2  
  79  5:18  Drone x4  
  85  5:22  Roach x2  
  89  5:28  Drone x2  
  89  5:31  Drone  
  89  5:32  Drone  
  89  5:34  Overlord  
  93  5:40  Extractor  
  93  5:41  Extractor  
  90  5:44  Drone x3, Spire, Extractor  
  91  5:51  Roach x3  
  91  5:52  Spore Crawler, Overlord x2  
  91  5:53  Overlord  
  96  6:02  Drone  
  96  6:04  Overlord  
  97  6:09  Overlord  
  97  6:14  Overlord, Drone x2  
  97  6:17  Roach x5  
  109  6:23  Pneumatized Carapace  
  109  6:25  Overlord  
  109  6:32  Overlord, Hatchery  
  108  6:35  Overlord  
  108  6:37  Overlord  
  108  6:40  Drone x2  
  108  6:41  Overlord  
  108  6:42  Evolution Chamber  
  108  6:43  Roach x5  
  119  6:57  Mutalisk x6  
  119  7:00  Drone x2  
  134  7:08  Drone x6  
  134  7:13  Zerg Melee Weapons Level 1  
  134  7:14  Baneling Nest  
  137  7:19  Drone  
  137  7:20  Drone  
  136  7:25  Drone  
  136  7:26  Drone x2  
  136  7:29  Drone x2  
  137  7:32  Overlord  
  137  7:33  Roach x2  
  137  7:34  Roach x2  
  145  7:40  Overlord  
  145  7:44  Drone  
  145  7:45  Drone x2  
  145  7:46  Infestation Pit, Drone x2  
  145  7:47  Drone  
  145  7:48  Extractor x2  
  145  7:50  Zergling x2  
  145  7:51  Zergling x4  
  151  7:54  Overseer  
  151  8:01  Drone  
  151  8:03  Drone x4  
  156  8:11  Centrifical Hooks  
  156  8:12  Zergling x18  
  165  8:20  Zergling x14  
  165  8:23  Overlord  
  165  8:25  Hive  
  172  8:29  Overlord x2  
  172  8:30  Mutalisk x2  
  174  8:39  Baneling x9  
  174  8:40  Baneling x15  
  174  8:51  Hatchery  
  173  8:57  Overlord  
  173  8:58  Zergling x28  
  186  9:14  Overlord  
  185  9:23  Zergling x26  
  198  9:31  Spine Crawler  
  197  9:32  Baneling x16, Spine Crawler  
  197  9:33  Spine Crawler  
  194  9:39  Overlord  
  194  9:47  Zergling x14  
  194  9:48  Baneling x15  
  194  9:49  Baneling  
  199  9:52  Greater Spire  
  194  10:12  Ravager x2  
  194  10:13  Ravager x3  
  195  10:26  Zergling x44  
  193  10:34  Zergling x12  
  181  10:40  Overseer x4  
  181  10:42  Zergling x6  
  176  10:45  Drone x3  
Show
View Real Time Build Order
Export as new Build Order

SKillous Protoss 

Build Orders: 1 Gate Expand, Archon Immortal, Archon Drop, Dark Templar Rush 

Get SALT Encoding   

  12  0:00  Probe  
  13  0:13  Probe  
  14  0:19  Pylon  
  14  0:25  Probe  
  15  0:33  Probe  
  15  0:40  Gateway  
  15  0:42  Probe  
  17  0:51  Probe, Assimilator  
  18  1:04  Probe  
  19  1:16  Probe  
  20  1:27  Nexus  
  20  1:37  Cybernetics Core  
  20  1:41  Probe  
  21  1:47  Assimilator  
  21  1:53  Probe  
  22  1:56  Pylon  
  22  2:04  Adept  
  22  2:05  Probe  
  25  2:17  Probe  
  25  2:18  Twilight Council  
  26  2:24  Stalker  
  26  2:25  Warp Gate  
  26  2:29  Probe  
  27  2:35  Probe  
  29  2:41  Probe  
  29  2:43  Probe  
  32  2:51  Robotics Facility  
  32  2:54  Probe  
  32  2:55  Probe  
  34  3:05  Probe  
  34  3:07  Probe  
  36  3:13  Probe  
  36  3:19  Probe  
  38  3:21  Probe  
  38  3:22  Dark Shrine  
  39  3:30  Gateway  
  39  3:32  Probe  
  39  3:33  Probe  
  41  3:36  Gateway  
  41  3:38  Gateway  
  41  3:44  Probe  
  41  3:45  Probe  
  39  3:57  Pylon, Probe x2  
  39  3:59  Warp Prism  
  43  4:13  Probe x2  
  43  4:16  Assimilator  
  43  4:17  Adept  
  46  4:27  Assimilator  
  46  4:28  Pylon  
  46  4:35  Pylon  
  46  4:46  Probe x2  
  46  4:50  Pylon  
  48  4:52  Dark Templar x4  
  48  4:56  Archon x2  
  48  4:59  Observer  
  57  5:01  Probe  
  58  5:12  Nexus  
  58  5:14  Pylon, Forge  
  58  5:16  Immortal, Probe  
  58  5:18  Probe  
  64  5:34  Probe x2  
  66  5:36  Adept x2  
  66  5:42  Sentry  
  71  5:43  Sentry  
  71  5:46  Probe x2  
  71  5:48  Protoss Ground Weapons Level 1  
  71  5:49  Pylon  
  75  5:57  Immortal  
  75  6:02  Probe  
  75  6:03  Pylon  
  76  6:10  Gateway  
  76  6:11  Gateway  
  80  6:12  Probe  
  80  6:15  Probe  
  82  6:21  Probe  
  82  6:23  Probe, Stalker  
  82  6:24  Probe, Stalker  
  88  6:31  Probe  
  89  6:39  Immortal, Pylon  
  91  6:44  Charge  
  91  6:45  Dark Templar  
  96  6:48  Dark Templar  
  96  6:50  Probe  
  96  6:51  Probe  
  96  6:53  Probe  
  101  6:56  Assimilator  
  101  7:00  Assimilator  
  101  7:02  Probe  
  101  7:03  Probe  
  101  7:05  Probe  
  104  7:09  Immortal  
  104  7:14  Probe  
  104  7:15  Probe  
  106  7:16  Gateway  
  106  7:18  Gateway, Probe  
  111  7:26  Probe, Stalker x2  
  111  7:27  Probe  
  115  7:31  Photon Cannon  
  115  7:33  Shield Battery  
  113  7:42  Protoss Ground Weapons Level 2  
  113  7:47  Photon Cannon  
  113  7:49  Shield Battery  
  113  7:53  Pylon  
  113  7:57  Photon Cannon, Gateway  
  113  7:58  Gateway  
  113  8:00  Shield Battery, Pylon  
  113  8:02  Pylon  
  113  8:03  Stalker  
  113  8:05  Probe  
  113  8:06  Probe  
  113  8:07  Probe  
  111  8:17  Probe  
  111  8:18  Probe  
  111  8:19  Probe  
  113  8:20  Blink, Stalker  
  113  8:24  Stalker  
  116  8:29  Probe  
  117  8:38  Dark Templar x4  
  117  8:39  Gateway  
  117  8:40  Gateway  
  123  8:42  Archon x2, Dark Templar  
  123  8:45  Dark Templar  
  127  8:50  Dark Templar  
  127  8:52  Archon  
  129  9:10  Warp Prism, Dark Templar x2  
  129  9:11  Dark Templar x2  
  129  9:14  Archon  
  129  9:15  Archon  
  137  9:22  Zealot x5  
  137  9:24  Zealot  
  141  9:26  Pylon  
  141  9:27  Pylon  
  134  10:02  Probe x2  
  136  10:08  Dark Templar x4  
  136  10:09  Dark Templar x2  
  136  10:10  Dark Templar x2  
  136  10:11  Zealot x2  
  136  10:13  Pylon  
  154  10:14  Archon  
  154  10:15  Archon x2  
  154  10:16  Pylon  
  154  10:18  Zealot  
  154  10:19  Archon  
  82  10:43  Zealot x7  
  82  10:44  Zealot x5  
Tags
 
Add a new tag
Caveats
  • Supply blocks, unpowered buildings, or Contaminate may cause inaccurate times.
  • Supply counts are checked every 10 seconds.